 Dungeon Crawl Stone Soup version 0.29-a0-187-ga23d9638d5 (webtiles) character file.

Game seed: 6603679584489767919

31 cyrus the Skirmisher (level 3, -1/34 HPs)
             Began as a Hill Orc Fighter on Feb 21, 2022.
             Was a Follower of Trog.
             Frozen to death by an endoplasm (2 damage)
             ... on level 1 of the Dungeon.
             The game lasted 00:02:38 (784 turns).

cyrus the Skirmisher (Hill Orc Fighter)              Turns: 784, Time: 00:02:39

Health: -1/34      AC:  6    Str: 18    XL:     3   Next: 22%
Magic:  3/3        EV:  9    Int: 10    God:    Trog [*.....]
Gold:   39         SH:  4    Dex: 10    Spells: 2/2 levels left

rFire   . . .      SeeInvis .   a - +0 war axe
rCold   . . .      Faith    .   c - +0 buckler
rNeg    . . .      Spirit   .   b - +0 scale mail
rPois   .          Reflect  .   (no helmet)
rElec   .          Harm     +   k - scarf {harm}
rCorr   .          Rampage  .   (no gloves)
Will    .....                   (no boots)
Stlth   ..........              (no amulet)
HPRegen 0.11/turn               (no ring)
MPRegen 0.08/turn               (no ring)

@: no status effects
A: no striking features
a: Renounce Religion, Berserk


You were on level 1 of the Dungeon.
You worshipped Trog.
Trog was aware of your devotion.
You visited 1 branch of the dungeon, and saw 1 of its levels.

You collected 39 gold pieces.

Inventory:

Hand Weapons
 a - a +0 war axe (weapon)
Armour
 b - a +0 scale mail (worn)
 c - a +0 buckler (worn)
 k - a scarf of harm (worn)
Scrolls
 e - a scroll of magic mapping {unknown}
 f - a scroll of vulnerability {unknown}
 l - a scroll of enchant weapon {unknown}
Potions
 d - a potion of might
 g - 3 potions of curing {unknown}
 h - a potion of mutation {unknown}
 i - a potion of magic {unknown}
 j - a potion of heal wounds {unknown}
 m - a potion of flight {unknown}
 n - a potion of brilliance {unknown}


   Skills:
 + Level 4.3 Fighting
 + Level 3.4 Axes
 + Level 3.4 Armour
 + Level 3.5 Shields


You had 2 spell levels left.
You didn't know any spells.
Your spell library was empty.

Dungeon Overview and Level Annotations

Branches:
Dungeon (1/15)

Altars:
Trog


Message History

* * * LOW HITPOINT WARNING * * *
You barely miss the quokka. The quokka bites you.
* * * LOW HITPOINT WARNING * * *
The quokka bites you but does no damage.
You barely miss the quokka.
The quokka bites you but does no damage.
You block the quokka's attack.
You hit the quokka.
The quokka is heavily wounded.
You block the quokka's attack.
You closely miss the quokka.
The quokka is heavily wounded.
The quokka bites you but does no damage.
The quokka barely misses you.
You hit the quokka.
You kill the quokka!
Trog accepts your kill.
An endoplasm comes into view.
The endoplasm quivers.
You block the endoplasm's attack.
The endoplasm hits you but does no damage.
The endoplasm closely misses you.
The endoplasm hits you but does no damage.
The endoplasm hits you but does no damage.
The endoplasm jiggles.
The endoplasm hits you but does no damage.
The endoplasm freezes you.
You are frozen.
* * * LOW HITPOINT WARNING * * *
The endoplasm freezes you.
You are frozen.
* * * LOW HITPOINT WARNING * * *
The endoplasm freezes you.
You are frozen.
* * * LOW HITPOINT WARNING * * *
The endoplasm hits you.
* * * LOW HITPOINT WARNING * * *
The endoplasm freezes you.
You are frozen.
You die...

.## #.<.....##......#..######
.##. #....##.##......#..##...#
.##.## ###..####.......#.....#.#
[###.#######.## #.........#.....#
.##...##.#(...###..####.###.#####
...............##..####.#...#
##.......##.............#.###
#...#............J..##..#.#
#.###.....#.....@...#####.#
#.###.............#.......#
#...#..........##...#######
#...#.......#.......#
#...............#...#
#...#.#####.......### #####.#
#..#..#.# #.# #..#..#.# #.# #
#....#


You could see an endoplasm.

Vanquished Creatures
  A gnoll (D:1)
  An endoplasm (D:1)
  A hobgoblin (D:1)
  7 jackals (D:1)
  2 quokkas (D:1)
  3 bats (D:1)
  A frilled lizard (D:1)
  A goblin (D:1)
  A kobold (D:1)
  2 rats (D:1)
20 creatures vanquished.

Notes
Turn   | Place    | Note
-------+----------+-------------------------------------------
     0 | D:1      | cyrus the Hill Orc Fighter began the quest for the Orb.
     0 | D:1      | Reached XP level 1. HP: 19/19 MP: 1/1
   134 | D:1      | Reached skill level 4 in Fighting
   134 | D:1      | Reached XP level 2. HP: 21/27 MP: 2/2
   194 | D:1      | Found a faded altar of an unknown god.
   290 | D:1      | Prayed at the altar of an unknown god.
   290 | D:1      | Became a worshipper of Trog the Wrathful
   290 | D:1      | Reached * piety under Trog
   332 | D:1      | Reached XP level 3. HP: 24/34 MP: 3/3
   774 | D:1      | HP: 1/34 [frozen (6)]
   783 | D:1      | HP: 1/34 [endoplasm (1)]
   784 | D:1      | Frozen to death by an endoplasm

Illustrated notes

Levels and vault maps discovered:
D:1:      dpeg_arrival_arbitrary_b, layout_basic,
          hellmonk_ecumenical_altar_dog_temple

Skill      XL: |  1 |
---------------+----+-----
Fighting       | 4 |  4.3
Axes           | 3 |  3.4
Armour         | |  3.4
Shields        | |  3.5

Action                   || total
-------------------------++-------
Melee: War axe           ||    47
Armor: Scale mail        ||    79
Dodge: Dodged            ||    83
Block: Buckler           ||    42

Table legend: (Time is in decaauts)
 A = Elapsed time spent in this place.
 B = Non-inter-level travel time spent in this place.
 C = Inter-level travel time spent in this place.
 D = Time resting spent in this place.
 E = Time spent auto-exploring this place.
 F = Levels seen in this place.
 G = Mean time per level.
                   A        B        C        D        E       F      G
               +--------+--------+--------+--------+--------+-----+--------+
         Total |    802 |    788 |     14 |      0 |    331 |   1 |  802.0 |
       Dungeon |    802 |    788 |     14 |      0 |    331 |   1 |  802.0 |
               +--------+--------+--------+--------+--------+-----+--------+

Top non-repeatable levels by time:
     D:1: 802 daAuts
